 Dungeon Crawl Stone Soup version 0.31-a0-233-g139696dc86 (webtiles) character file.

Game seed: 5799121839684428874

635 Querens the Shield-Bearer (level 7, -6/56 HPs)
             Began as a Formicid Fighter on July 9, 2023.
             Killed by divine providence
             ... invoked by an orc priest
              (9 damage)
             ... on level 4 of the Dungeon.
             The game lasted 00:06:36 (2166 turns).

Querens the Shield-Bearer (Formicid Fighter)        Turns: 2166, Time: 00:06:36

Health: -6/56      AC: 15    Str: 28    XL:     7   Next: 79%
Magic:  7/7        EV:  8    Int:  8    God:
Gold:   142        SH:  5    Dex: 13    Spells: 6/6 levels left

rFire   . . .        a - +0 war axe
rCold   . . .        c - +0 buckler
rNeg    . . .        n - +0 chain mail
rPois   .            (helmet unavailable)
rElec   .            (no cloak)
rCorr   .            m - +0 pair of gloves
SInv    +            (no boots)
Will    .....        (no amulet) Stlth
                     l - +6 ring of strength
HPRegen 0.29/turn    p - +4 ring of protection
MPRegen 0.10/turn

%: no passive effects
@: mighty
A: permanent stasis, dig shafts and tunnels, antennae 3, four strong arms
a: Dig, Shaft Self


You were on level 4 of the Dungeon.
You visited 1 branch of the dungeon, and saw 4 of its levels.

You collected 142 gold pieces.

Inventory:

Hand Weapons
 a - a +0 war axe (weapon)
Armour
 c - a +0 buckler (worn)
 m - a +0 pair of gloves (worn)
 n - a +0 chain mail (worn)
Jewellery
 l - a +6 ring of strength (left hand)
 p - a +4 ring of protection (right hand)
 x - a ring of resist corrosion
Wands
 q - a wand of charming (1)
Scrolls
 h - 5 scrolls of identify {unknown}
 j - a scroll of amnesia {unknown}
 k - 2 scrolls of enchant weapon {unknown}
 r - 2 scrolls of teleportation {unknown}
 s - a scroll of brand weapon {unknown}
 u - a scroll of enchant armour {unknown}
 w - a scroll of revelation {unknown}
Potions
 b - a potion of haste {unknown}
 e - a potion of heal wounds {unknown}
 f - a potion of invisibility {unknown}
 g - 3 potions of curing {unknown}
 i - 3 potions of resistance {unknown}
 o - a potion of cancellation {unknown}
 t - a potion of degeneration {unknown}
 v - a potion of mutation {unknown}


   Skills:
 + Level 5.3 Fighting
 + Level 4.3 Axes
 + Level 5.4 Armour
 + Level 6.5 Shields


You had 6 spell levels left.
You didn't know any spells.
Your spell library was empty.

Dungeon Overview and Level Annotations

Branches:
Dungeon (4/15)
 Temple: D:4-7

Altars:
Ashenzari
Gozag
Hepliaklqana
The Shining One

Shops:
D:1 (


Innate Abilities, Weirdness & Mutations

You cannot be hasted, slowed, berserked, paralysed or teleported.
You can dig through walls and to a lower floor.
You have a pair of large antennae on your head. (SInv)
Your four strong arms can wield two-handed weapons with a shield.


Message History

A giant cockroach comes into view.
The orc wizard mumbles some strange words.
The orc wizard flickers and vanishes for a moment.
You feel very mighty all of a sudden.
The orc wizard points at you and mumbles some strange words.
The magic dart hits you but does no damage.
Found a scroll labelled ULOCWE VEMAQ.
The orc wizard hits you but does no damage. x2
The orc priest mumbles some strange prayers to Beogh against you.
Beogh smites you!
You barely miss the orc priest. You slash the orc wizard!
The orc wizard barely misses you. The orc wizard closely misses you.
The orc priest calls down the wrath of Beogh upon you.
Beogh smites you!
* * * LOW HITPOINT WARNING * * *
Unknown command.
Unknown command.
You barely miss the orc priest. You completely miss the orc wizard.
The orc wizard hits you but does no damage. x2
The orc priest calls down the wrath of Beogh upon you.
Beogh smites you!
* * * LOW HITPOINT WARNING * * *
Unknown command.
Unknown command.
You closely miss the orc priest. You hit the orc wizard.
You kill the orc wizard!
The orc priest hits you but does no damage.
The orc wizard misses you. The giant cockroach bites you.
* * * LOW HITPOINT WARNING * * *
Unknown command.
Unknown command.
You slash the orc priest!
The orc priest is almost dead.
You slash the giant cockroach!
You kill the giant cockroach!
The orc wizard hits you from afar with a +0 spear.
* * * LOW HITPOINT WARNING * * *
The orc priest calls down the wrath of Beogh upon you.
Beogh smites you!
You die...

. ...........?.# .
............# .
..)........# #..
..........# ####..
.........# #.....
o.......# #.....
#)o.....# #.....
#####@......# #.....
.##...$......(# #.....
.............## #.....
..........†..######.....
...../..................
......####..........####
...... #..........#
...... #..........#
###### #...########


You could see an orc priest and an orc wizard (invisible).

Vanquished Creatures
  A black bear (D:4)
  A kobold brigand (D:3)
  A bullfrog (D:4)
  A scorpion (D:4)
  A jelly (D:4)
  A gnoll bouda (D:4)
  A sleepcap (D:4)
  An iguana (D:4)
  Natasha (twice) (D:3)
  2 orc wizards
  3 adders
  4 gnolls (D:4)
  An ufetubus (D:4)
  3 worms
  3 dart slugs
  5 orcs
  4 bats
  3 endoplasms
  6 giant cockroaches
  5 hobgoblins
  4 kobolds
  5 quokkas
  7 ball pythons
  A frilled lizard (D:2)
  10 goblins
  3 rats
79 creatures vanquished.

Notes
Turn   | Place    | Note
-------+----------+-------------------------------------------
     0 | D:1      | Querens the Formicid Fighter began the quest for the Orb.
     0 | D:1      | Reached XP level 1. HP: 18/18 MP: 1/1
    23 | D:1      | Reached XP level 2. HP: 24/24 MP: 2/2
   254 | D:1      | Reached XP level 3. HP: 25/29 MP: 3/3
   260 | D:1      | Found Xubuip's Antique Weapon Emporium.
   670 | D:2      | Reached XP level 4. HP: 29/37 MP: 4/4
   984 | D:2      | Found a broken altar of Ashenzari.
  1403 | D:3      | Noticed Natasha
  1409 | D:3      | Killed Natasha
  1410 | D:3      | Reached XP level 5. HP: 38/42 MP: 5/5
  1415 | D:3      | Found an opulent altar of Gozag.
  1452 | D:3      | Noticed a kobold brigand
  1476 | D:3      | Killed a kobold brigand
  1477 | D:3      | Reached skill level 5 in Shields
  1482 | D:3      | Found a faded altar of an unknown god.
  1483 | D:3      | Found a hazy altar of Hepliaklqana.
  1496 | D:3      | Noticed Natasha
  1501 | D:3      | Killed Natasha
  1502 | D:3      | Reached XP level 6. HP: 49/49 MP: 6/6
  1586 | D:3      | Found a glowing golden altar of the Shining One.
  2020 | D:4      | Noticed a black bear
  2031 | D:4      | Killed a black bear
  2037 | D:4      | Reached XP level 7. HP: 43/55 MP: 7/7
  2065 | D:4      | Reached skill level 5 in Fighting
  2065 | D:4      | Reached skill level 5 in Armour
  2065 | D:4      | Reached skill level 6 in Shields
  2166 | D:4      | Killed from afar by an orc priest

Illustrated notes

Levels and vault maps discovered:
D:1:      dpeg_arrival_connections, layout_basic, serial_shops, shop,
          st_stairs_13, minmay_split_cup_large
D:2:      layout_loops_ring, basic_altar, uniq_crazy_yiuf_cottage
D:3:      layout_basic, lemuel_round_altar, tso_metal_star,
          beargit_hepliaklqana_dungeon_heroes, minivault_26, uniq_natasha
D:4:      minmay_inner_zag, layout_basic, grunt_temple_overflow_open,
          serial_shops, shop, uniq_duvessa

Skill      XL: |  1  2  3  4  5  6  7 |
---------------+----------------------+-----
Armour         | 4 5 |  5.4
Fighting       | 4 5 |  5.3
Axes           | 3 4 |  4.3
Shields        | 5 6 |  6.5

Action                     |  1- 3 |  4- 6 |  7- 9 || total
---------------------------+-------+-------+-------++-------
  Melee: War axe           |    66 |   143 |    53 ||   262
    Use: Potion            |       |       |     1 ||     1
 Armour: Scale mail        |    26 |    12 |       ||    38
         Chain mail        |       |    83 |    35 ||   118
  Dodge: Dodged            |    39 |    51 |    17 ||   107
  Block: Buckler           |    19 |    36 |    14 ||    69

Table legend: (Time is in decaauts)
 A = Elapsed time spent in this place.
 B = Non-inter-level travel time spent in this place.
 C = Inter-level travel time spent in this place.
 D = Time resting spent in this place.
 E = Time spent auto-exploring this place.
 F = Levels seen in this place.
 G = Mean time per level.
                   A        B        C        D        E       F      G
               +--------+--------+--------+--------+--------+-----+--------+
         Total |   2260 |   2186 |     74 |      0 |      0 |   4 |  565.0 |
       Dungeon |   2260 |   2186 |     74 |      0 |      0 |   4 |  565.0 |
               +--------+--------+--------+--------+--------+-----+--------+

Top non-repeatable levels by time:
     D:2: 688 daAuts
     D:3: 660 daAuts
     D:1: 645 daAuts
     D:4: 266 daAuts
